240811_Finale_Pile dude´s

Match 28383121
End
Construct Infanterie Kompanie
Grenadier Squad
MG 42 Machine Gun Team
Grenadier Squad
MG 42 Machine Gun Team
Selects Mechanized Battlegroup
Construct Panzergrenadier Kompanie
251 Medium Carrier
Pak 40 Anti-tank Gun Team
Pioneer Squad
Selects Mobile Repair Stations
Panzergrenadier Squad
251 Medium Carrier
Support Elements
Pak 40 Anti-tank Gun Team
Nebelwerfer 42 Rocket Launcher Team
MG 42 Machine Gun Team
Selects Wespe Self-propelled Artillery
Selects Raid Package
Selects StuG Assault Group
Panzergrenadier Squad
Pak 40 Anti-tank Gun Team
Panzergrenadier Officer Quarters
Construct Panzer Kompanie
DerSchonWieder
Cpt. Zugluft
Only Furb
MrSnooze
HollyMolly
Makros
0
0

Comments sign in to comment!

No comments posted yet!